[Event "Titled Tuesday Blitz June 6 Late 2023"]
[White "Melian, Juan Sebastian"]
[Black "Kostiukov, Alexandr"]
[WhiteFideId "3706575"]
[BlackFideId "14108100"]
[WhiteElo "2092"]
[BlackElo "2202"]
[Result "1-0"]
[Round "1"]
[TimeControl "180+2"]
[Date "2023.06.07"]
[WhiteClock "0:00:34"]
[BlackClock "0:00:05"]
[Board "138"]

1. d4 g6 2. c4 Bg7 3. Nc3 d6 4. e4 e5 5. Nge2 exd4 6. Nxd4 Nc6 7. Be3 Nge7 8. Qd2 O-O 9. O-O-O f5 10. exf5 Bxd4 11. Bxd4 Nxf5 12. Be3 Nxe3 13. Qxe3 Qf6 14. Nd5 Qxf2 15. Qxf2 Rxf2 16. Nxc7 Bf5 17. Rd2 Rxd2 18. Kxd2 Rc8 19. Nd5 Kg7 20. b3 a5 21. Be2 Nb4 22. Nc3 d5 23. cxd5 Nxa2 24. Nxa2 Rc2+ 25. Ke3 Rxa2 26. Rc1 Kf6 27. g4 Bc2 28. Bc4 Ke5 29. Re1 Kd6 30. Kd4 b5 31. Re6+ Kc7 32. Bxb5 Bxb3 33. d6+ 1-0


[Site "https://www.chess.com"]

[Event "Titled Tuesday Blitz June 6 Late 2023"]
[White "Weisz, Bryan"]
[Black "Mendez Fortes, Eduardo Jesus"]
[WhiteFideId "30934133"]
[BlackFideId "3502376"]
[WhiteElo "2300"]
[BlackElo "2307"]
[Result "1-0"]
[Round "1"]
[TimeControl "180+2"]
[Date "2023.06.07"]
[WhiteClock "0:00:17"]
[BlackClock "0:00:06"]
[Board "139"]

1. e4 c5 2. d4 cxd4 3. Ne2 d6 4. Nxd4 Nf6 5. Nc3 a6 6. g3 e5 7. Nde2 Be7 8. Bg2 O-O 9. O-O Nbd7 10. a4 b6 11. Be3 Bb7 12. h3 Nc5 13. Nd5 Nfxe4 14. b4 Bxd5 15. Qxd5 Rc8 16. Bxe4 Nxe4 17. Qxe4 Qd7 18. Kg2 d5 19. Qxe5 Bf6 20. Qf4 Bxa1 21. Rxa1 Rc4 22. Qf3 Rxb4 23. Rd1 Qxa4 24. Rxd5 Qxc2 25. Rd6 a5 26. Bxb6 a4 27. Nd4 Qc4 28. Nc6 Rb3 29. Ne7+ Kh8 30. Qd1 Qe4+ 31. Kh2 Qxe7 32. Bc5 Qb7 33. Rd8 Rb1 34. Rxf8# 1-0


[Site "https://www.chess.com"]

[Event "Titled Tuesday Blitz June 6 Late 2023"]
[White "Magallanes, Rey Jomar"]
[Black "Makaraci, Tunahan"]
[WhiteFideId "5205948"]
[BlackFideId "6356559"]
[WhiteElo "2293"]
[BlackElo "2160"]
[Result "1-0"]
[Round "1"]
[TimeControl "180+2"]
[Date "2023.06.07"]
[WhiteClock "0:00:43"]
[BlackClock "0:00:59"]
[Board "141"]

1. e4 Nf6 2. e5 Nd5 3. d4 d6 4. c4 Nb6 5. exd6 cxd6 6. Nc3 g6 7. Nf3 Bg7 8. Be2 O-O 9. O-O Nc6 10. Be3 Bg4 11. d5 Bxf3 12. Bxf3 Ne5 13. Be2 Nexc4 14. Bd4 Ne5 15. f4 Ned7 16. Bxg7 Kxg7 17. Qd4+ Kg8 18. f5 Qc7 19. Kh1 Ne5 20. fxg6 fxg6 21. Rac1 Rxf1+ 22. Rxf1 Rf8 23. Rxf8+ Kxf8 24. Qf4+ Kg7 25. h3 Qc5 26. Qg5 Nxd5 27. Nxd5 Qxd5 28. Qxe7+ Nf7 29. Bf3 Qe5 30. Qxb7 Kf6 31. Qxa7 Qxb2 32. a4 Ne5 33. Qe3 Qa1+ 34. Kh2 Qxa4 35. Be2 g5 36. Qb6 Qf4+ 37. Kg1 Qd2 38. Qf2+ Ke7 39. Qa7+ Kf6 40. Qf2+ Kg7 41. Qa7+ Kh6 42. Bf1 Qf4 43. Qc7 Qf6 44. Qc3 Kg6 45. Bd3+ Nxd3 46. Qxd3+ Kg7 47. Qe2 Qe5 48. Qg4 Kf6 49. Qf3+ Kg6 50. Qd3+ Kg7 51. Qf3 d5 52. Qa3 d4 53. Qa7+ Kg6 54. Qb6+ Kf5 55. Qb1+ Kf4 56. Qf1+ Ke4 57. Qf3# 1-0


[Site "https://www.chess.com"]

[Event "Titled Tuesday Blitz June 6 Late 2023"]
[White "reevecanada"]
[Black "Rodriguez Santiago, Jaime"]
[BlackFideId "3100898"]
[WhiteElo "2600"]
[BlackElo "2025"]
[Result "0-1"]
[Round "1"]
[TimeControl "180+2"]
[Date "2023.06.07"]
[WhiteClock "0:00:16"]
[BlackClock "0:00:17"]
[Board "142"]

1. e4 c6 2. c4 d5 3. cxd5 cxd5 4. exd5 Nf6 5. Nc3 Nbd7 6. Nf3 Nb6 7. Bb5+ Bd7 8. d6 e6 9. d4 Bxd6 10. O-O O-O 11. Bxd7 Qxd7 12. Bg5 Nfd5 13. Ne4 Be7 14. Ne5 Qe8 15. Bxe7 Qxe7 16. Nc5 Rfd8 17. Kh1 Rac8 18. Qf3 Nc4 19. Nxc4 b6 20. Nxb6 axb6 21. Nd3 Rc2 22. Rac1 Rdc8 23. Rxc2 Rxc2 24. h3 h6 25. Qe4 Qc7 26. a3 Qc4 27. Re1 Rd2 28. Rc1 Rc2 29. Rd1 Qc7 30. Qe5 Qxe5 31. dxe5 Kh7 32. Kg1 Kg6 33. Kf1 Kf5 34. Rc1 Rd2 35. Ne1 Rxb2 36. Nf3 Ra2 37. Re1 Rxa3 38. Nh4+ Kg5 39. g3 h5 40. Re4 Kh6 41. Rd4 b5 42. Nf5+ Kh7 43. Nd6 b4 44. Nxf7 b3 45. Ng5+ Kg6 46. Nf3 b2 47. Nd2 Ra1+ 48. Kg2 b1=Q 49. Nxb1 Rxb1 50. f4 Rb2+ 51. Kf3 Rb3+ 52. Kf2 Ne3 53. Rd6 Kf7 54. Rd7+ Kf8 55. Rd8+ Ke7 56. Rh8 Nf5 57. g4 hxg4 58. hxg4 Nd4 59. Rh7 Kf7 60. Kg2 Rf3 61. Rh8 Rxf4 62. Rd8 Re4 63. Kg3 Nb5 64. Rd7+ Kg6 65. Re7 Rxe5 66. Kf4 Re1 67. Rb7 Nd4 68. Rb6 Kf6 69. Rd6 Ne2+ 70. Ke3 Nc3+ 71. Kf2 Re2+ 72. Kf3 Re1 73. Rc6 Nd5 74. Rc8 Re3+ 75. Kf2 Kg5 76. Rg8 g6 77. Rg7 Re4 78. Kf3 Rf4+ 79. Kg3 Rxg4+ 80. Kf3 Rf4+ 81. Ke2 Kf5 82. Rh7 g5 83. Rh2 e5 84. Rg2 e4 85. Rg1 g4 86. Ke1 Rf3 87. Kd1 Kf4 88. Ke1 Ne3 89. Ke2 Nf5 90. Ke1 e3 91. Ke2 Ng3+ 92. Kd3 e2+ 93. Kc2 Rf1 94. Rg2 e1=Q 95. Kd3 Qe4+ 96. Kc3 Qxg2 97. Kd4 Rd1+ 98. Kc3 Qd2+ 99. Kc4 Rc1+ 100. Kb5 Qb2+ 101. Ka6 Ra1# 0-1


[Site "https://www.chess.com"]

[Event "Titled Tuesday Blitz June 6 Late 2023"]
[White "Rodriguez Polo, Mateo"]
[Black "Cilek, Bora"]
[WhiteFideId "24509396"]
[BlackFideId "34502165"]
[WhiteElo "2117"]
[BlackElo "2108"]
[Result "0-1"]
[Round "1"]
[TimeControl "180+2"]
[Date "2023.06.07"]
[WhiteClock "0:00:18"]
[BlackClock "0:00:42"]
[Board "143"]

1. e4 c5 2. Nf3 g6 3. c4 Nc6 4. d4 cxd4 5. Nxd4 Nf6 6. Nc3 d6 7. Be2 Nxd4 8. Qxd4 Bg7 9. Be3 O-O 10. Qd2 a5 11. Rd1 a4 12. c5 Qa5 13. cxd6 exd6 14. O-O Be6 15. f3 a3 16. b3 Rfc8 17. Nb5 Qxd2 18. Rxd2 d5 19. Nd6 Rc6 20. Nxb7 dxe4 21. Nd8 Rc3 22. Bd4 exf3 23. Bxc3 fxe2 24. Re1 Ne4 25. Bxg7 Nxd2 26. Nxe6 fxe6 27. Rxe2 Nxb3 28. axb3 Kxg7 29. Ra2 Kf6 30. Kf2 Ke5 31. Ke3 Kd5 32. Kd3 e5 33. Kc3 Ke4 34. b4 Ke3 35. Kb3 e4 36. b5 Kd3 37. Rxa3 Rxa3+ 38. Kxa3 e3 39. b6 e2 40. b7 e1=Q 41. b8=Q Qa1+ 0-1


[Site "https://www.chess.com"]

[Event "Titled Tuesday Blitz June 6 Late 2023"]
[White "Taboas Rodriguez, Daniel"]
[Black "crosky"]
[WhiteFideId "2208466"]
[WhiteElo "2365"]
[BlackElo "2280"]
[Result "1-0"]
[Round "1"]
[TimeControl "180+2"]
[Date "2023.06.07"]
[WhiteClock "0:02:59"]
[BlackClock "0:02:42"]
[Board "144"]

1. d4 Nf6 2. Nf3 e6 3. c4 d5 4. Nc3 c6 5. Bg5 h6 6. Bxf6 Qxf6 7. a3 Nd7 8. e4 g6 9. cxd5 exd5 10. exd5 cxd5 11. Nxd5 Qe6+ 12. Qe2 1-0


[Site "https://www.chess.com"]

[Event "Titled Tuesday Blitz June 6 Late 2023"]
[White "Simonovic, Miroslav"]
[Black "Wadsworth, Matthew J"]
[WhiteFideId "919152"]
[BlackFideId "415804"]
[WhiteElo "2075"]
[BlackElo "2347"]
[Result "0-1"]
[Round "1"]
[TimeControl "180+2"]
[Date "2023.06.07"]
[WhiteClock "0:00:51"]
[BlackClock "0:00:12"]
[Board "145"]

1. d4 d5 2. Bg5 h6 3. Bh4 c6 4. Nd2 Qb6 5. e3 Bf5 6. Nb3 e6 7. Bd3 Bxd3 8. Qxd3 Nd7 9. f4 Ngf6 10. Nf3 Bd6 11. O-O Ne4 12. c4 Qa6 13. Rfc1 f5 14. Ne1 g5 15. Bg3 Ndf6 16. c5 Qxd3 17. Nxd3 Bc7 18. Ne5 Nxg3 19. hxg3 Bxe5 20. dxe5 Ne4 21. Kh2 g4 22. Rc2 h5 23. Nd2 O-O-O 24. Rd1 h4 25. Nxe4 hxg3+ 26. Kxg3 dxe4 27. Rcd2 Rd5 28. b4 a6 29. a3 Kc7 30. Rd4 b6 31. cxb6+ Kxb6 32. Rxd5 cxd5 33. Rc1 Rd8 34. Kh4 d4 35. exd4 Rxd4 36. Rc2 e3 37. Re2 Re4 38. g3 Kb5 39. Kg5 Kc4 40. Kf6 Kd3 41. Re1 Kd2 42. Rh1 e2 43. Kxe6 e1=Q 44. Rxe1 Rxe1 45. Kxf5 Ke3 46. e6 Kf3 47. Kf6 Kxg3 48. f5 Kf4 49. a4 g3 50. b5 axb5 51. axb5 g2 52. b6 g1=Q 53. b7 Qb6 54. Kf7 Qxb7+ 55. e7 Qxe7+ 56. Kg6 Rg1+ 0-1


[Site "https://www.chess.com"]

[Event "Titled Tuesday Blitz June 6 Late 2023"]
[White "Manukyan, Sargis A."]
[Black "Dubreuil, Julien"]
[WhiteFideId "13303970"]
[BlackFideId "621285"]
[WhiteElo "2187"]
[BlackElo "2270"]
[Result "1-0"]
[Round "1"]
[TimeControl "180+2"]
[Date "2023.06.07"]
[WhiteClock "0:01:10"]
[BlackClock "0:00:34"]
[Board "146"]

1. d4 d5 2. c4 e6 3. Nc3 Nf6 4. Nf3 c5 5. cxd5 Nxd5 6. e4 Nxc3 7. bxc3 cxd4 8. cxd4 Bb4+ 9. Bd2 Bxd2+ 10. Qxd2 O-O 11. Bc4 Nd7 12. O-O b6 13. Rfe1 Bb7 14. Rad1 Rc8 15. Bb3 h6 16. h3 Qe7 17. Qf4 Rfd8 18. d5 exd5 19. exd5 Qf6 20. Qg3 Nc5 21. d6 Nxb3 22. axb3 Bxf3 23. gxf3 Rc5 24. h4 Rf5 25. Kg2 Kh7 26. d7 g5 27. h5 Rf4 28. Re8 a5 29. Rxd8 Qxd8 30. Qh3 f5 31. Qh1 Qa8 32. Rd3 Qc6 33. d8=Q Rg4+ 34. Kf1 Qc1+ 35. Rd1 1-0


[Site "https://www.chess.com"]

[Event "Titled Tuesday Blitz June 6 Late 2023"]
[White "mohsengabr2002"]
[Black "Aldokhin, Ivan"]
[BlackFideId "24115720"]
[WhiteElo "2256"]
[BlackElo "2322"]
[Result "0-1"]
[Round "1"]
[TimeControl "180+2"]
[Date "2023.06.07"]
[WhiteClock "0:00:46"]
[BlackClock "0:00:31"]
[Board "147"]

1. e4 c5 2. d3 e6 3. Nd2 Nc6 4. Ngf3 d6 5. g3 g6 6. Bg2 Bg7 7. O-O Nge7 8. c3 O-O 9. Qe2 b5 10. Rd1 b4 11. c4 a5 12. a4 bxa3 13. Rxa3 Nb4 14. b3 Nec6 15. Nf1 Qf6 16. Ne3 Bd7 17. Nc2 Qc3 18. Nxb4 axb4 19. Rxa8 Rxa8 20. e5 dxe5 21. Bb2 Qxb3 22. Nxe5 Bxe5 23. Bxe5 Ra2 24. Qe1 Nxe5 25. Rb1 Nxd3 26. Qf1 Qc2 27. Be4 Qxf2+ 28. Qxf2 Nxf2 29. Bg2 Ba4 30. h4 Bc2 31. Rf1 Ne4 32. Kh2 b3 33. Kh3 b2 34. Re1 b1=Q 0-1


[Site "https://www.chess.com"]

[Event "Titled Tuesday Blitz June 6 Late 2023"]
[White "OPQRC"]
[Black "Matthew_Clarke"]
[WhiteElo "2585"]
[BlackElo "2253"]
[Result "0-1"]
[Round "1"]
[TimeControl "180+2"]
[Date "2023.06.07"]
[WhiteClock "0:00:11"]
[BlackClock "0:00:17"]
[Board "148"]

1. e4 c5 2. Nf3 d6 3. d4 cxd4 4. Nxd4 Nf6 5. Nc3 a6 6. Bg5 Nbd7 7. f4 Qc7 8. Qf3 h6 9. Bxf6 Nxf6 10. f5 Rg8 11. O-O-O g5 12. Be2 Rb8 13. Kb1 b5 14. Rhe1 Bb7 15. Nd5 Nxd5 16. exd5 Bg7 17. f6 Bxf6 18. Nf5 Kd8 19. Nxh6 Rf8 20. Qh5 Rc8 21. Rd2 Bxd5 22. Bg4 e6 23. Rf1 Bxa2+ 24. Ka1 Qa5 25. Rxd6+ Ke7 26. Nf5+ exf5 27. Rxf6 Bb3+ 28. Kb1 Qa2+ 29. Kc1 Rxc2+ 0-1


[Site "https://www.chess.com"]

[Event "Titled Tuesday Blitz June 6 Late 2023"]
[White "Wang, Alexander J"]
[Black "Fiorito, Francisco"]
[WhiteFideId "30955270"]
[BlackFideId "180165"]
[WhiteElo "2245"]
[BlackElo "2319"]
[Result "1-0"]
[Round "1"]
[TimeControl "180+2"]
[Date "2023.06.07"]
[WhiteClock "0:00:11"]
[BlackClock "0:00:23"]
[Board "149"]

1. e4 c5 2. Nf3 Nc6 3. d4 cxd4 4. Nxd4 g6 5. Nc3 Bg7 6. Be3 Nf6 7. Bc4 O-O 8. Bb3 Re8 9. f3 e6 10. Qd2 d5 11. O-O-O Nxd4 12. Bxd4 e5 13. Bf2 d4 14. Nd5 Be6 15. Bh4 Bxd5 16. Bxd5 Qb6 17. Bxf6 Bxf6 18. Kb1 Rac8 19. Qd3 Rc3 20. Qd2 Rec8 21. Rc1 Be7 22. Ka1 Bb4 23. Qe2 a5 24. Bb3 a4 25. Bxa4 Ra8 26. Bb3 Qa5 27. a4 Rc7 28. Kb1 Rc5 29. f4 b5 30. fxe5 bxa4 31. Ba2 a3 32. Qf3 Ra7 33. Rhf1 Qc7 34. e6 Qe5 35. exf7+ Kf8 36. Qh3 axb2 37. Qh6+ Qg7 38. Qxg7+ Kxg7 39. f8=Q# 1-0


[Site "https://www.chess.com"]

[Event "Titled Tuesday Blitz June 6 Late 2023"]
[White "ArtemDyachuk"]
[Black "Harish, Neeraj"]
[BlackFideId "30958130"]
[WhiteElo "2567"]
[BlackElo "1879"]
[Result "1-0"]
[Round "1"]
[TimeControl "180+2"]
[Date "2023.06.07"]
[WhiteClock "0:00:36"]
[BlackClock "0:00:01"]
[Board "150"]

1. Nf3 d5 2. e3 Nf6 3. c4 e6 4. b3 Be7 5. Bb2 O-O 6. Qc2 c5 7. cxd5 Nxd5 8. a3 Nc6 9. h4 Bf6 10. Ng5 g6 11. Ne4 Bxb2 12. Qxb2 b6 13. h5 e5 14. hxg6 fxg6 15. Bc4 Be6 16. Nbc3 Nc7 17. d3 Qe7 18. O-O-O Rab8 19. g4 b5 20. Bxe6+ Nxe6 21. Nd5 Qd8 22. Ndc3 b4 23. Na4 bxa3 24. Qxa3 Nb4 25. Kb1 Qd5 26. Nac3 Qb7 27. Qa4 Nc6 28. Kc2 Nb4+ 29. Kb2 Rf7 30. g5 Kg7 31. Rd2 1-0


[Site "https://www.chess.com"]

[Event "Titled Tuesday Blitz June 6 Late 2023"]
[White "Kejzar, Petra"]
[Black "Keleberda, Tymur"]
[WhiteFideId "14610213"]
[BlackFideId "14174294"]
[WhiteElo "2089"]
[BlackElo "2198"]
[Result "1-0"]
[Round "1"]
[TimeControl "180+2"]
[Date "2023.06.07"]
[WhiteClock "0:02:33"]
[BlackClock "0:02:21"]
[Board "151"]

1. e4 c5 2. Nf3 d6 3. d4 cxd4 4. Nxd4 Nf6 5. Nc3 a6 6. Be3 e5 7. Nf3 Be7 8. Bc4 O-O 9. Bb3 b5 10. O-O Bb7 11. Bd5 Bxd5 12. Nxd5 Nxe4 13. Nxe7+ Qxe7 14. Qd5 Nd7 15. Qxe4 f5 16. Qd5+ Kh8 17. Bg5 Qe8 18. Qxd6 h6 19. Bd2 e4 20. Bc3 1-0


[Site "https://www.chess.com"]

[Event "Titled Tuesday Blitz June 6 Late 2023"]
[White "Safin, Robert"]
[Black "Eggleston, Thomas A"]
[WhiteFideId "34189120"]
[BlackFideId "412139"]
[WhiteElo "2341"]
[BlackElo "2155"]
[Result "1-0"]
[Round "1"]
[TimeControl "180+2"]
[Date "2023.06.07"]
[WhiteClock "0:01:45"]
[BlackClock "0:00:20"]
[Board "152"]

1. e4 e6 2. d4 d5 3. Nd2 c5 4. exd5 Qxd5 5. Ngf3 cxd4 6. Bc4 Qd6 7. O-O Nf6 8. Nb3 Nc6 9. Nbxd4 Nxd4 10. Nxd4 Be7 11. c3 Qc7 12. Bb3 Bd7 13. Qf3 a5 14. a3 O-O 15. Re1 Rfe8 16. h3 Qb6 17. Bc2 Rac8 18. Rb1 Bc5 19. Be3 e5 20. Nf5 e4 21. Qf4 Nd5 22. Qg5 Bxf5 23. Bxc5 Qxc5 24. Qxf5 g6 25. Qg5 e3 26. fxe3 Nxe3 27. Qxc5 Rxc5 28. Re2 Rce5 29. Rbe1 f5 30. g3 Nc4 31. Bb3 b5 32. Bxc4+ bxc4 33. Rxe5 Rxe5 34. Rxe5 1-0


[Site "https://www.chess.com"]

[Event "Titled Tuesday Blitz June 6 Late 2023"]
[White "Brown, Raehanna"]
[Black "Mortazavi, Ali"]
[WhiteFideId "7402740"]
[BlackFideId "401323"]
[WhiteElo "1655"]
[BlackElo "2339"]
[Result "0-1"]
[Round "1"]
[TimeControl "180+2"]
[Date "2023.06.07"]
[WhiteClock "0:00:34"]
[BlackClock "0:00:45"]
[Board "153"]

1. c4 Nf6 2. Nc3 g6 3. e4 d6 4. d4 Bg7 5. Be2 O-O 6. Nf3 Bg4 7. O-O Nbd7 8. Be3 e5 9. d5 a5 10. a3 b6 11. b4 Nh5 12. Qd2 Nf4 13. Bxf4 exf4 14. Rac1 Bxf3 15. Bxf3 Ne5 16. Be2 axb4 17. axb4 Qh4 18. f3 f5 19. c5 bxc5 20. bxc5 Kh8 21. cxd6 cxd6 22. Nb5 fxe4 23. fxe4 f3 24. Bxf3 Bh6 25. Qb2 Bxc1 26. Rxc1 Qf6 27. Qd4 Rab8 28. Be2 Rxb5 29. Rf1 Nf3+ 30. Rxf3 Qxd4+ 31. Kf1 Rb1+ 0-1


[Site "https://www.chess.com"]

[Event "Titled Tuesday Blitz June 6 Late 2023"]
[White "Streltsov, Alexey"]
[Black "Boder, Jan"]
[WhiteFideId "24104434"]
[BlackFideId "16243226"]
[WhiteElo "2563"]
[BlackElo "2241"]
[Result "1-0"]
[Round "1"]
[TimeControl "180+2"]
[Date "2023.06.07"]
[WhiteClock "0:00:41"]
[BlackClock "0:00:04"]
[Board "154"]

1. d4 Nf6 2. Nc3 d5 3. Bf4 e6 4. Nb5 Bb4+ 5. c3 Ba5 6. e3 O-O 7. Nf3 a6 8. Na3 c6 9. Bd3 Nbd7 10. Ne5 Bc7 11. Qf3 Nxe5 12. dxe5 Nd7 13. Qg3 g6 14. h4 f6 15. Bxg6 hxg6 16. Qxg6+ Kh8 17. Qh5+ Kg8 18. Qg6+ Kh8 19. Rh3 Qe7 20. exf6 Rxf6 21. Qh5+ Qh7 22. Qxh7+ Kxh7 23. Bxc7 e5 24. Nc2 Nc5 25. Ke2 Bxh3 26. gxh3 e4 27. Bf4 Raf8 28. Ne1 Ne6 29. Ng2 Nc5 30. Ne1 Kg6 31. b4 Ne6 32. Ng2 Kh5 33. Bg3 Rg8 34. Rc1 b5 35. a4 Rff8 36. Ra1 Ra8 37. Nf4+ Nxf4+ 38. Bxf4 Kg6 39. a5 Kh5 40. Bg5 Raf8 41. Rg1 Rf3 42. Rg3 Rxg3 43. fxg3 Rf8 44. g4+ Kg6 45. Bf4 Rc8 46. h5+ Kf7 47. g5 c5 48. g6+ Kf6 49. Bd6 cxb4 50. cxb4 Rc2+ 51. Kf1 1-0


[Site "https://www.chess.com"]

[Event "Titled Tuesday Blitz June 6 Late 2023"]
[White "Sailer, Mike"]
[Black "Shohat, Yotam"]
[WhiteFideId "2012901"]
[BlackFideId "2813955"]
[WhiteElo "2109"]
[BlackElo "2226"]
[Result "0-1"]
[Round "1"]
[TimeControl "180+2"]
[Date "2023.06.07"]
[WhiteClock "0:00:02"]
[BlackClock "0:00:19"]
[Board "155"]

1. d4 Nf6 2. Bg5 e6 3. Nd2 d5 4. e3 c5 5. c3 Nc6 6. Bd3 Be7 7. f4 b6 8. Ngf3 Bb7 9. O-O Nd7 10. Bxe7 Nxe7 11. a4 f5 12. Ne5 Nxe5 13. fxe5 O-O 14. a5 Ng6 15. Qh5 Qc8 16. Rf3 Rf7 17. Rh3 Nf8 18. Nf3 g6 19. Qh6 Ba6 20. Bxa6 Qxa6 21. Ng5 Re7 22. Rg3 Rg7 23. h4 bxa5 24. h5 Qb7 25. Rxa5 cxd4 26. exd4 Qxb2 27. hxg6 Qc1+ 28. Kh2 Rxg6 29. Qh4 f4 30. Rf3 Kg7 31. Rc5 Rh6 32. Rc7+ Kg6 33. Qxh6+ Kxh6 34. Nf7+ Kg6 35. Nh8+ Kf5 36. Rf7+ Ke4 37. Rf6 Nd7 38. Rxe6 Rxh8 39. Rf6 Nxf6 0-1


[Site "https://www.chess.com"]

[Event "Titled Tuesday Blitz June 6 Late 2023"]
[White "Moral Garcia, Serafin"]
[Black "Vila Dupla, Aurelio"]
[WhiteFideId "2201925"]
[BlackFideId "2203383"]
[WhiteElo "2274"]
[BlackElo "2009"]
[Result "1-0"]
[Round "1"]
[TimeControl "180+2"]
[Date "2023.06.07"]
[WhiteClock "0:00:28"]
[BlackClock "0:00:01"]
[Board "156"]

1. c4 Nf6 2. Nc3 d5 3. cxd5 Nxd5 4. g3 e5 5. Bg2 Nb6 6. d3 Be7 7. Nf3 Nc6 8. O-O O-O 9. Bd2 Be6 10. a3 f6 11. b4 Nd5 12. Rc1 a6 13. Ne4 Nd4 14. Nxd4 exd4 15. e3 f5 16. Nc5 Bxc5 17. Rxc5 dxe3 18. fxe3 c6 19. Qe2 Qe7 20. Rfc1 Rae8 21. e4 fxe4 22. dxe4 Nf6 23. Bf4 Bg4 24. Qc4+ Be6 25. Qc2 Kh8 26. Rd1 Rd8 27. Rc3 Rxd1+ 28. Qxd1 Rd8 29. Rd3 Rxd3 30. Qxd3 Qd7 31. Qxd7 Bxd7 32. Kf2 Kg8 33. h3 Kf7 34. Ke3 Be6 35. Kd4 Bb3 36. Kc5 Nd7+ 37. Kd6 Ke8 38. Kc7 b5 39. Kxc6 Ke7 40. Kb7 Nf6 41. Kxa6 Bc4 42. e5 Ne8 43. Bc6 Nc7+ 44. Kb6 Bf1 45. Kxc7 1-0


[Site "https://www.chess.com"]

[Event "Titled Tuesday Blitz June 6 Late 2023"]
[White "Jaivardhan Raj"]
[Black "Prado Lobo, Jonas"]
[WhiteFideId "25744437"]
[BlackFideId "32050666"]
[WhiteElo "1772"]
[BlackElo "2322"]
[Result "0-1"]
[Round "1"]
[TimeControl "180+2"]
[Date "2023.06.07"]
[WhiteClock "0:00:12"]
[BlackClock "0:00:16"]
[Board "157"]

1. e4 Nc6 2. d4 d5 3. Nf3 dxe4 4. Ng5 Qxd4 5. Qh5 g6 6. Qh4 Nf6 7. c3 Qe5 8. Bf4 Qa5 9. Bc4 Nd8 10. b4 Qb6 11. Be5 Bg7 12. Nxe4 O-O 13. Bd4 Qc6 14. Bd3 Nxe4 15. Bxe4 Qa6 16. Bxg7 Kxg7 17. Qxe7 Nc6 18. Bxc6 bxc6 19. Qe5+ Kg8 20. Nd2 Bf5 21. Qxc7 Rfe8+ 22. Kd1 Qa4+ 23. Nb3 Rad8+ 24. Qxd8 Rxd8+ 25. Ke2 Qb5+ 26. Kf3 Rd3+ 27. Ke2 Rxc3+ 28. Kd2 Qd3+ 29. Ke1 Qe4+ 30. Kd2 Rc2+ 31. Kd1 Qe2# 0-1


[Site "https://www.chess.com"]

[Event "Titled Tuesday Blitz June 6 Late 2023"]
[White "Riff, Jean-Noel"]
[Black "KSho99"]
[WhiteFideId "611190"]
[WhiteElo "2479"]
[BlackElo "2195"]
[Result "1-0"]
[Round "1"]
[TimeControl "180+2"]
[Date "2023.06.07"]
[WhiteClock "0:01:49"]
[BlackClock "0:00:03"]
[Board "158"]

1. e4 c6 2. d4 d5 3. e5 Bf5 4. h4 h5 5. Bg5 Qb6 6. Bd3 Bxd3 7. Qxd3 e6 8. Nd2 Nh6 9. c4 Nf5 10. Ngf3 Nd7 11. O-O Qa6 12. b3 Ba3 13. Rfd1 O-O 14. Nf1 Rac8 15. Ne3 Nxe3 16. Qxe3 Rfe8 17. c5 b6 18. Bf6 Nxf6 19. exf6 gxf6 20. Qh6 bxc5 21. Qxf6 cxd4 22. Qg5+ Kf8 23. Ne5 c5 24. Nd7# 1-0


[Site "https://www.chess.com"]

[Event "Titled Tuesday Blitz June 6 Late 2023"]
[White "Arias Igual, Alejandro"]
[Black "Zarnicki, Pablo"]
[WhiteFideId "2254905"]
[BlackFideId "100137"]
[WhiteElo "2179"]
[BlackElo "2468"]
[Result "0-1"]
[Round "1"]
[TimeControl "180+2"]
[Date "2023.06.07"]
[WhiteClock "0:00:32"]
[BlackClock "0:01:49"]
[Board "159"]

1. e4 e6 2. d4 d5 3. Bd3 Nc6 4. Nf3 Nb4 5. O-O Nxd3 6. Qxd3 Nf6 7. Nc3 Be7 8. Bg5 O-O 9. e5 Nd7 10. Bxe7 Qxe7 11. Ne2 c5 12. c3 a5 13. Rfe1 b6 14. Ng3 Ba6 15. Qd2 Rac8 16. a3 Rc7 17. h4 Rfc8 18. h5 cxd4 19. Nxd4 Nc5 20. h6 g6 21. Re3 Qg5 22. Re2 Qxd2 23. Rxd2 Nd3 24. Nf3 Bc4 25. Nf1 Nc5 26. Re1 Bxf1 27. Kxf1 Nb3 28. Rdd1 b5 29. Nd4 Nxd4 30. Rxd4 Rc4 31. Red1 Kf8 32. Ke2 Ke7 33. Ke3 f6 34. f4 fxe5 35. fxe5 Rf8 36. Rxc4 bxc4 37. g4 g5 38. Rh1 Rf4 39. Rh5 Rxg4 40. Kf3 Rf4+ 41. Kg3 Rf5 0-1


[Site "https://www.chess.com"]

[Event "Titled Tuesday Blitz June 6 Late 2023"]
[White "Chos, Alexey"]
[Black "Francisco_Ferrari"]
[WhiteFideId "14117762"]
[WhiteElo "2234"]
[BlackElo "2179"]
[Result "1-0"]
[Round "1"]
[TimeControl "180+2"]
[Date "2023.06.07"]
[WhiteClock "0:02:14"]
[BlackClock "0:00:41"]
[Board "160"]

1. Nf3 Nf6 2. b3 e6 3. Bb2 Be7 4. g3 O-O 5. Bg2 d5 6. O-O Nbd7 7. d3 c5 8. Nbd2 b6 9. e4 Bb7 10. e5 Ne8 11. d4 cxd4 12. Nxd4 Rc8 13. f4 Nc5 14. f5 Bg5 15. Kh1 Ne4 16. Nxe4 dxe4 17. fxe6 Qe7 18. Qg4 Be3 19. exf7+ Rxf7 20. Nf5 Qc5 21. Nxe3 Qxe3 22. Qe6 1-0


[Site "https://www.chess.com"]

[Event "Titled Tuesday Blitz June 6 Late 2023"]
[White "Cagara, Paulina"]
[Black "Kochiev, Ivan"]
[WhiteFideId "1124870"]
[BlackFideId "2917890"]
[WhiteElo "1967"]
[BlackElo "2287"]
[Result "1-0"]
[Round "1"]
[TimeControl "180+2"]
[Date "2023.06.07"]
[WhiteClock "0:01:56"]
[BlackClock "0:00:28"]
[Board "161"]

1. e4 e5 2. Nf3 Nf6 3. c3 Nxe4 4. Qe2 Nf6 5. Nxe5 Be7 6. d4 O-O 7. Be3 Re8 8. Nd2 Nc6 9. Ndf3 d6 10. Nxc6 bxc6 11. O-O-O Rb8 12. Qc2 Nd5 13. Bc4 Nxe3 14. fxe3 Bg5 15. Nxg5 Qxg5 16. Rhe1 Rxe3 17. Rxe3 Qxe3+ 18. Kb1 g6 19. Ka1 Bf5 20. Qa4 Qf2 21. Bb3 Qxg2 22. Qxa7 Re8 23. Qxc7 Bc2 24. Qxf7+ Kh8 25. Qf6# 1-0


[Site "https://www.chess.com"]

[Event "Titled Tuesday Blitz June 6 Late 2023"]
[White "Roberson, Peter T"]
[Black "Marin Masis, Jose Esteban"]
[WhiteFideId "412384"]
[BlackFideId "6508146"]
[WhiteElo "2346"]
[BlackElo "1838"]
[Result "1-0"]
[Round "1"]
[TimeControl "180+2"]
[Date "2023.06.07"]
[WhiteClock "0:00:41"]
[BlackClock "0:00:17"]
[Board "162"]

1. e4 c5 2. d3 d5 3. Nd2 Nc6 4. f4 dxe4 5. dxe4 e5 6. Ngf3 exf4 7. Bc4 Bd6 8. O-O Nf6 9. e5 Nxe5 10. Re1 Nd7 11. Ne4 Bc7 12. Nd6+ Bxd6 13. Qxd6 f6 14. Bxf4 Qe7 15. Nxe5 fxe5 16. Bxe5 Qxd6 17. Bxd6+ Kd8 18. Rad1 Re8 19. Rxe8+ Kxe8 20. Re1+ Kd8 21. Re7 Nb6 22. Bb5 Bf5 1-0


[Site "https://www.chess.com"]

[Event "Titled Tuesday Blitz June 6 Late 2023"]
[White "Ogreberbere"]
[Black "Golubev, Mikhail"]
[BlackFideId "14100983"]
[WhiteElo "2164"]
[BlackElo "2374"]
[Result "1-0"]
[Round "1"]
[TimeControl "180+2"]
[Date "2023.06.07"]
[WhiteClock "0:00:17"]
[BlackClock "0:00:02"]
[Board "163"]

1. d4 Nf6 2. c4 d6 3. Nf3 g6 4. Nc3 Bg7 5. e4 O-O 6. Be2 e5 7. O-O h6 8. Re1 exd4 9. Nxd4 Re8 10. f3 Nh5 11. Be3 f5 12. Qd2 f4 13. Bf2 Nd7 14. Rad1 Ne5 15. Nd5 Rf8 16. Nb5 c6 17. Ndc7 cxb5 18. Nxa8 Bd7 19. Qxd6 Qxa8 20. Bd4 Rd8 21. Bxe5 Bxe5 22. Qxe5 Ng7 23. Qe7 1-0


[Site "https://www.chess.com"]